Map: Lerilak Crest

Players

MillMlorD (MarineLorD) - Winner!

  • Race: Terran Terran

Shura (Scarlett)

  • Race: Zerg Zerg
  • League: Grandmaster

Event: NationWars III

VOD

Have the link to the VOD?

Description

Time

  • Played on: Jan. 2, 2016, 6:56 p.m.
  • Length: 10:40
Show
View Real Time Build Order
Export as new Build Order

MillMlorD Terran - Winner!

Build Orders: Reaper Expand, MMM Bio 

Get SALT Encoding   

  12  0:00  SCV  
  13  0:12  SCV  
  14  0:17  Supply Depot  
  14  0:24  SCV  
  15  0:39  SCV  
  15  0:40  Barracks  
  16  0:44  Refinery  
  16  0:51  SCV  
  17  1:03  SCV  
  18  1:15  SCV  
  19  1:27  Reaper, Orbital Command  
  20  1:40  Command Center  
  20  1:47  Supply Depot  
  20  1:53  SCV  
  21  1:59  Marine  
  22  2:05  SCV  
  22  2:08  Factory  
  23  2:14  Refinery  
  23  2:17  SCV  
  23  2:22  Barracks Reactor  
  24  2:29  SCV  
  25  2:41  SCV  
  26  2:53  SCV, Starport, Orbital Command  
  26  2:57  Widow Mine  
  26  2:58  Marine x2  
  31  3:05  SCV  
  32  3:16  Marine x2  
  32  3:18  SCV  
  35  3:20  SCV  
  35  3:26  Supply Depot  
  36  3:27  Bunker  
  36  3:30  SCV  
  36  3:31  Medivac  
  36  3:32  SCV  
  36  3:33  Factory Tech Lab  
  36  3:34  Marine x2  
  42  3:42  SCV  
  42  3:44  SCV  
  44  3:48  Supply Depot  
  44  3:54  SCV  
  45  3:56  SCV  
  45  3:58  Supply Depot  
  45  4:02  Hellion x2  
  50  4:03  Barracks Tech Lab  
  50  4:06  SCV  
  50  4:09  SCV  
  52  4:12  Banshee  
  55  4:18  SCV  
  55  4:21  SCV  
  55  4:23  Hellion  
  55  4:24  Hellion  
  61  4:30  SCV  
  62  4:33  SCV  
  63  4:42  SCV  
  63  4:45  SCV  
  62  4:46  Liberator x2  
  61  4:57  SCV x2  
  61  4:59  Command Center  
  56  5:02  Factory Reactor  
  56  5:04  Marine  
  61  5:08  Refinery x2  
  61  5:09  SCV, Engineering Bay  
  61  5:10  SCV  
  63  5:18  Stimpack  
  63  5:21  SCV  
  63  5:22  SCV, Marine  
  66  5:32  Supply Depot  
  66  5:33  SCV  
  66  5:34  SCV  
  68  5:36  Barracks  
  68  5:37  Engineering Bay, Missile Turret, Liberator  
  68  5:38  Barracks, Liberator  
  68  5:40  Missile Turret  
  68  5:45  SCV  
  68  5:46  Supply Depot, SCV  
  70  5:54  Factory Reactor  
  76  5:57  SCV  
  76  5:58  SCV  
  78  6:07  Supply Depot, Marine  
  78  6:09  Supply Depot  
  78  6:10  Terran Infantry Weapons Level 1, SCV x2  
  78  6:11  Terran Infantry Armor Level 1  
  81  6:12  Orbital Command  
  81  6:22  SCV x2  
  81  6:25  Marine  
  84  6:31  Widow Mine x2  
  84  6:32  Marine x2  
  90  6:33  Combat Shields, Liberator  
  90  6:34  SCV x2  
  92  6:43  Barracks x2  
  92  6:46  SCV x2, Orbital Command  
  97  6:55  Marine  
  97  6:58  SCV  
  97  6:59  SCV  
  97  7:01  Marine  
  100  7:07  Marine  
  98  7:10  SCV  
  98  7:11  SCV  
  98  7:12  Liberator  
  98  7:13  SCV  
  98  7:14  Marine  
  80  7:20  Marine x2  
  80  7:22  SCV  
  79  7:23  SCV  
  79  7:24  Marine  
  79  7:25  SCV  
  79  7:29  Widow Mine  
  85  7:31  Marine  
  85  7:34  SCV  
  85  7:35  Marine x2  
  91  7:37  SCV  
  91  7:38  Marine x2  
  91  7:41  SCV  
  91  7:42  Marine  
  96  7:46  Supply Depot, SCV  
  96  7:49  Armory, Marine  
  96  7:50  SCV  
  98  7:55  Supply Depot, Marine  
  98  7:58  Supply Depot, SCV  
  101  8:00  SCV  
  101  8:02  SCV, Marine  
  105  8:08  Barracks Reactor, Missile Turret  
  105  8:10  Marine, Marauder  
  105  8:11  SCV  
  108  8:13  Factory Reactor, Marine  
  108  8:16  SCV  
  108  8:17  Supply Depot, Medivac x2  
  113  8:20  Supply Depot, Marine  
  113  8:23  SCV  
  113  8:24  SCV  
  116  8:27  Concussive Shells, Marine x2  
  116  8:28  SCV, Refinery  
  116  8:31  Marauder, Marine x2  
  123  8:35  SCV  
  123  8:36  SCV  
  123  8:39  Marine  
  126  8:45  Marine x2  
  122  8:50  Marine x2  
  122  8:51  Marine  
  122  8:52  Marine  
  122  8:55  Liberator  
  114  8:56  Marine  
  114  8:57  Marine  
  114  9:02  SCV x2  
  112  9:03  Marine x2  
  112  9:06  Widow Mine x2  
  112  9:08  SCV, Marine x2  
  112  9:09  Marine  
  115  9:10  Marine  
  115  9:14  SCV, Marine  
  115  9:15  Marine  
  116  9:20  SCV, Marine  
  116  9:21  Marine  
  117  9:25  Medivac  
  117  9:26  SCV, Marine x2  
  117  9:27  Marine  
  117  9:28  Marine  
  124  9:40  Marine  
  124  9:42  Marine  
  125  9:47  Marine x2  
  125  9:50  Marine  
  125  9:52  Barracks x2  
  127  9:53  Barracks  
  127  9:55  Medivac  
  127  9:59  Marauder, Marine x2  
  135  10:01  Supply Depot, Marine x2  
  135  10:05  Marine  
  135  10:06  Marine  
  137  10:08  Marine  
  138  10:17  Marine x2  
  138  10:20  Marine  
Show
View Real Time Build Order
Export as new Build Order

Shura Zerg 

Build Orders: Hatch First, Muta Ling Bane 

Get SALT Encoding   

  12  0:01  Drone  
  13  0:09  Drone  
  14  0:17  Extractor  
  14  0:18  Drone  
  15  0:22  Overlord  
  15  0:40  Drone x2  
  17  0:49  Drone  
  18  0:55  Hatchery  
  17  1:08  Spawning Pool  
  17  1:11  Drone  
  17  1:13  Extractor  
  17  1:16  Drone  
  17  1:20  Drone  
  18  1:28  Drone  
  19  1:38  Overlord  
  19  1:56  Queen  
  19  1:57  Zergling x2  
  22  2:04  Zergling x2  
  22  2:07  Drone, Queen  
  26  2:12  Metabolic Boost  
  26  2:17  Drone  
  26  2:18  Drone  
  26  2:30  Drone x2  
  26  2:31  Queen  
  30  2:40  Zergling x2  
  30  2:45  Drone x2  
  32  2:55  Overlord  
  32  2:56  Drone  
  32  2:58  Queen  
  35  3:10  Drone  
  36  3:19  Drone  
  37  3:20  Lair, Drone  
  37  3:21  Drone x3  
  37  3:24  Drone  
  37  3:26  Drone  
  43  3:28  Drone  
  43  3:31  Extractor  
  43  3:33  Zergling x2  
  44  3:40  Overlord  
  44  3:44  Extractor  
  44  3:46  Extractor  
  42  3:49  Overlord, Drone x2  
  44  3:59  Drone x5  
  49  4:05  Drone x2, Baneling Nest  
  50  4:13  Drone x4  
  54  4:21  Overlord  
  54  4:27  Spire, Zergling x2  
  54  4:29  Zergling x2  
  55  4:33  Zergling x2  
  55  4:36  Overseer  
  54  4:44  Drone x4  
  55  4:47  Zergling x2  
  55  4:48  Zergling x2  
  55  4:52  Drone x2  
  55  4:57  Drone x3  
  55  5:08  Drone x2  
  57  5:15  Hatchery  
  56  5:21  Overlord  
  56  5:22  Drone x2  
  56  5:23  Overlord  
  58  5:34  Zergling x4  
  60  5:38  Mutalisk x3  
  60  5:40  Mutalisk  
  68  5:46  Mutalisk x2  
  72  5:53  Overseer  
  72  5:56  Mutalisk x2  
  76  6:01  Overlord  
  76  6:03  Zergling x6  
  79  6:11  Zergling x6  
  79  6:12  Zergling x2  
  83  6:19  Overlord  
  83  6:25  Overlord x2  
  83  6:26  Zergling x4  
  83  6:32  Baneling  
  85  6:33  Baneling x15  
  85  6:35  Zergling x2  
  86  6:41  Zergling x6  
  86  6:43  Baneling x5  
  86  6:44  Baneling  
  89  6:53  Zergling x10  
  92  7:01  Zergling x8  
  80  7:20  Mutalisk x4  
  81  7:22  Drone  
  81  7:23  Drone x6  
  86  7:34  Mutalisk  
  86  7:36  Zergling x6  
  91  7:40  Zergling x2  
  91  7:44  Zergling x2  
  93  7:46  Zergling x2  
  94  7:52  Zergling x4  
  94  7:55  Zergling x6  
  94  7:56  Zergling x10  
  104  8:04  Zergling x4  
  106  8:06  Overlord  
  106  8:09  Overlord  
  106  8:14  Overlord  
  106  8:17  Centrifical Hooks  
  106  8:23  Baneling x10  
  106  8:24  Baneling x7  
  106  8:25  Zergling x6  
  106  8:26  Zergling x8  
  113  8:29  Zergling x4  
  115  8:35  Zergling x8  
  115  8:40  Zergling x2  
  98  8:57  Zergling x24  
  98  9:02  Zergling x2  
  98  9:11  Zergling x4  
  98  9:14  Baneling  
  98  9:15  Baneling x13  
  100  9:18  Zergling x6  
  100  9:23  Baneling x9  
  100  9:24  Baneling x2  
  97  9:25  Zergling x14  
  104  9:32  Zergling x8  
  104  9:36  Baneling  
  108  9:43  Zergling x6  
  109  9:50  Baneling x10  
  109  9:51  Zergling x2  
  109  9:52  Zergling x10  
  115  9:58  Zergling x8  
  119  10:01  Baneling x4  
  119  10:02  Baneling  
  119  10:12  Zergling x12  
  123  10:16  Zergling x4  
Tags
 
Add a new tag
Caveats
  • Supply blocks, unpowered buildings, or Contaminate may cause inaccurate times.
  • Supply counts are checked every 10 seconds.